 Dungeon Crawl Stone Soup version 0.27-a0-705-ga0013940fb (webtiles) character file.

Game seed: 10627433508830177431

123 HendSelp the Skirmisher (level 5, -3/33 HPs)
             Began as a Gargoyle Fighter on Mar 22, 2021.
             Slain by an orc wizard
             ... wielding a +0 flail
              (6 damage)
             ... on level 2 of the Dungeon.
             The game lasted 00:01:33 (1330 turns).

HendSelp the Skirmisher (Gargoyle Fighter)          Turns: 1330, Time: 00:01:34

Health: -3/33      AC: 11    Str: 19 (21) XL:     5   Next: 7%
Magic:  5/5        EV:  9    Int:  6 (8)  God:
Gold:   64         SH:  0    Dex:  7 (9)  Spells: 4/4 levels left

rFire    . . .     SeeInvis .   a - +0 flail
rCold    . . .     Faith    .   (no shield)
rNeg     + . .     Spirit   .   b - +0 scale mail
rPois    ∞         Reflect  .   (no helmet)
rElec    +         Harm     .   (no cloak)
rCorr    .         Rampage  .   (no gloves)
Will     .....                  (no boots)
Stlth    ..........             (no amulet)
HPRegen  0.11/turn              k - ring of flight
MPRegen  0.09/turn              (no ring)

@: mighty
A: AC +4, negative energy resistance 1, electricity resistance, torment
resistance 1, unbreathing 1, petrification resistance
a: Evoke Flight


You were on level 2 of the Dungeon.
You visited 1 branch of the dungeon, and saw 2 of its levels.

You collected 64 gold pieces.

Inventory:

Hand Weapons
 a - a +0 flail (weapon)
Armour
 b - a +0 scale mail (worn)
 c - a +0 kite shield
Jewellery
 k - a ring of flight (right hand)
Scrolls
 e - a scroll of magic mapping {unknown}
 f - 2 scrolls of teleportation {unknown}
 h - 2 scrolls of identify {unknown}
 i - a scroll of summoning {unknown}
Potions
 d - a potion of might
 j - 2 potions of curing


   Skills:
 + Level 3.9 Fighting
 + Level 3.6 Maces & Flails
 + Level 3.8 Armour
 + Level 0.6 Dodging
 + Level 0.7 Stealth
 + Level 3.8 Shields


You had 4 spell levels left.
You didn't know any spells.
Your spell library contained the following spells:

 Spells                   Type           Power      Damage    Failure   Level
 Beastly Appendage        Tmut           0%         N/A       82%         1
 Wereblood                Tmut           0%         N/A       91%         2
 Spider Form              Tmut/Pois      0%         N/A       99%         3
 Ice Form                 Ice/Tmut       0%         N/A       100%        4
 Blade Hands              Tmut           0%         N/A       100%        5


Dungeon Overview and Level Annotations

Branches:
Dungeon (2/15)

Altars:


Innate Abilities, Weirdness & Mutations

Your stone body is resilient. (AC +4)
You are immune to poison.
You resist negative energy. (rN+)
You are resistant to electric shocks. (rElec)
You are resistant to unholy torment.
You can survive without breathing.
You are immune to petrification.


Message History

You hear some strange, mumbled words.
A magic dart appears from out of thin air!
The magic dart hits you but does no damage.
Unknown command.
Unknown command.
You bump into the rock wall.
The rat bites you but does no damage. Something hits you but does no damage.
Unknown command.
You bump into the rock wall.
The rat barely misses you.
You hear some strange, mumbled words.
A magic dart appears from out of thin air!
The magic dart hits you but does no damage.
Unknown command.
You closely miss something.
You feel less confused. The rat bites you but does no damage.
Something hits you.
* * * LOW HITPOINT WARNING * * *
The rat closely misses you.
Unknown command.
You closely miss something. Something hits you but does no damage.
The rat twitches its whiskers.
The rat misses you.
Unknown command.
Unknown command.
You closely miss something. Something hits you but does no damage.
The rat closely misses you.
You hear some strange, mumbled words.
Something tries to affect you, but you resist.
Unknown command.
You closely miss something. The rat barely misses you.
Something hits you but does no damage.
Unknown command.
You closely miss something. The rat barely misses you.
Something hits you but does no damage.
You closely miss something. The rat bites you but does no damage.
Something hits you.
* * * LOW HITPOINT WARNING * * *
The rat barely misses you.
You miss something. Something hits you.
You die...

#...........#
######<####.###....
.......# #.# #
######.# #.# # #.#
#.########## # #..
#..........### ###
#.#. #.............
..#
#.#.###.....r......
(.# #.# #
#..##@###.## ..#
#.. #..##{# ..#
#..##.# ..# .......
### .#..##.# #####
.##..##.# ....# ..
...##.# ###.#
#..##.###. ..#.#
#.........


You could see a rat.

Vanquished Creatures
  An orc priest (D:2)
  An orc wizard (D:2)
  An adder (D:2)
  2 worms (D:2)
  A dart slug (D:1)
  2 orcs (D:2)
  A ball python (D:2)
  A giant cockroach (D:2)
  3 goblins
  4 hobgoblins (D:1)
  4 jackals (D:1)
  6 kobolds
  4 oozes
  3 quokkas (D:1)
  11 bats
  7 rats
52 creatures vanquished.

Notes
Turn   | Place    | Note
-------+----------+-------------------------------------------
     0 | D:1      | HendSelp the Gargoyle Fighter began the quest for the Orb.
     0 | D:1      | Reached XP level 1. HP: 14/14 MP: 1/1
     6 | D:1      | Noticed a polar bear
     6 | D:1      | Noticed a wolf
     6 | D:1      | Noticed an iguana
     7 | D:1      | Noticed a rime drake
     7 | D:1      | Noticed a salamander
    91 | D:1      | Reached XP level 2. HP: 13/19 MP: 2/2
   434 | D:1      | Reached XP level 3. HP: 24/24 MP: 3/3
   627 | D:1      | You fall into a shaft and drop 1 floor!
  1009 | D:2      | Reached XP level 4. HP: 28/29 MP: 4/4
  1315 | D:2      | Reached XP level 5. HP: 10/33 MP: 5/5
  1330 | D:2      | Slain by an orc wizard

Illustrated notes

Levels and vault maps discovered:
D:1:      onia_arrival_zoo_common, layout_basic, minmay_tall_x
D:2:      layout_loops_ring, nicolae_overflow_crystal_walls

Skill      XL: |  1  2  3  4 |
---------------+-------------+-----
Maces & Flails | 3 |  3.6
Fighting       | |  3.9
Armour         | |  3.8
Dodging        | |  0.6
Stealth        | |  0.7
Shields        | |  3.8

Action                   |  1- 3 |  4- 6 || total
-------------------------+-------+-------++-------
Melee: Flail             |   145 |    37 ||   182
  Use: Potion            |       |     3 ||     3
Armor: Scale mail        |   142 |    28 ||   170
Dodge: Dodged            |    97 |    21 ||   118
Block: Kite shield       |    41 |       ||    41

Table legend: (Time is in decaauts)
 A = Elapsed time spent in this place.
 B = Non-inter-level travel time spent in this place.
 C = Inter-level travel time spent in this place.
 D = Time resting spent in this place.
 E = Time spent auto-exploring this place.
 F = Levels seen in this place.
 G = Mean time per level.
                   A        B        C        D        E       F      G
               +--------+--------+--------+--------+--------+-----+--------+
         Total |   1390 |   1390 |      0 |    198 |    829 |   2 |  695.0 |
       Dungeon |   1390 |   1390 |      0 |    198 |    829 |   2 |  695.0 |
               +--------+--------+--------+--------+--------+-----+--------+

Top non-repeatable levels by time:
     D:2: 725 daAuts
     D:1: 665 daAuts
